Map: 逐梦之地-天梯版

Players

TIME (Oliveira) - Winner!

  • Race: Terran Terran
  • Spawn Location: 5:00

Kelazhur

  • Race: Terran Terran
  • Spawn Location: 11:00

Event: WCS Montreal 2018

VOD

Have the link to the VOD?

Description

Time

  • Played on: Sept. 7, 2018, 9:09 p.m.
  • Length: 5:38

All games in this series

Show
View Real Time Build Order
Export as new Build Order

TIME Terran - Winner!

Build Orders: Cyclone Opening 

Get SALT Encoding   

  12  0:01  SCV  
  13  0:13  SCV  
  14  0:18  Supply Depot  
  14  0:25  SCV  
  15  0:30  Refinery  
  15  0:40  SCV  
  16  0:45  Barracks  
  16  0:52  SCV  
  16  0:57  Refinery  
  17  1:04  SCV  
  18  1:16  SCV  
  19  1:33  Reaper, Orbital Command  
  19  1:36  Factory  
  20  1:48  Supply Depot  
  20  1:59  SCV  
  21  2:05  Reaper  
  22  2:11  SCV  
  23  2:20  Hellion  
  25  2:28  Command Center  
  25  2:30  SCV  
  26  2:38  Barracks Reactor  
  26  2:41  Cyclone  
  29  2:49  Starport  
  29  3:02  SCV  
  29  3:04  Supply Depot  
  30  3:14  SCV  
  31  3:25  Cyclone, Marine  
  35  3:27  Medivac  
  35  3:28  SCV  
  38  3:40  Orbital Command  
  38  3:44  SCV, Marine x2  
  41  3:59  Viking  
  46  4:02  Cyclone  
  46  4:09  Engineering Bay, Marine  
  45  4:11  Marine  
  46  4:17  Supply Depot  
  46  4:18  SCV  
  46  4:21  SCV  
  46  4:33  Marine  
  40  4:41  SCV  
  37  4:46  Cyclone  
  40  4:52  Marine  
  40  4:53  Marine  
  39  5:05  SCV  
  39  5:10  Marine x2  
  40  5:17  SCV  
Show
View Real Time Build Order
Export as new Build Order

Kelazhur Terran 

Build Orders: 1/1/1, Cyclone Opening 

Get SALT Encoding   

  12  0:01  SCV  
  13  0:13  SCV  
  14  0:17  Supply Depot  
  14  0:25  SCV  
  14  0:27  Refinery  
  15  0:38  SCV  
  16  0:44  Barracks  
  16  0:50  SCV  
  16  0:55  Refinery  
  17  1:02  SCV  
  18  1:14  SCV  
  19  1:31  Orbital Command  
  19  1:33  Factory  
  19  1:35  Reaper  
  20  1:44  Supply Depot  
  20  1:56  SCV  
  21  2:07  Reaper  
  22  2:08  SCV  
  23  2:17  Cyclone  
  23  2:19  Starport  
  23  2:22  SCV  
  27  2:30  Supply Depot  
  27  2:34  SCV  
  28  2:39  Barracks Tech Lab  
  28  2:46  SCV  
  28  2:49  Hellion  
  31  2:59  SCV  
  31  3:03  Cloaking Field  
  31  3:04  Banshee  
  35  3:19  Barracks Reactor, Supply Depot  
  35  3:29  Cyclone  
  38  3:45  Command Center  
  38  3:57  Banshee  
  41  4:11  SCV, Marine x2  
  41  4:16  Factory Tech Lab  
  45  4:24  SCV  
  45  4:25  Engineering Bay  
  45  4:29  Marine  
  46  4:36  SCV  
  37  4:48  SCV  
  33  5:04  SCV  
Tags
 
Add a new tag
Caveats
  • Supply blocks, unpowered buildings, or Contaminate may cause inaccurate times.
  • Supply counts are checked every 10 seconds.